Map: Oxide LE

Players

Reynor - Winner!

  • Race: Zerg Zerg
  • League: Master

LiquidClem (Clem)

  • Race: Terran Terran
  • League: Grandmaster

Event: DreamHack SC2 Masters 2021 Summer

VOD

Have the link to the VOD?

Description

Time

  • Played on: June 6, 2021, 1:57 p.m.
  • Length: 11:28

All games in this series

Show
View Real Time Build Order
Export as new Build Order

Reynor Zerg - Winner!

Build Orders: Hatch First, Lurkers 

Get SALT Encoding   

  12  0:00  Drone  
  13  0:12  Overlord  
  13  0:17  Drone  
  14  0:30  Drone  
  14  0:31  Drone  
  16  0:47  Hatchery  
  15  0:50  Drone  
  15  0:54  Drone  
  17  0:57  Drone  
  18  1:08  Extractor  
  17  1:12  Spawning Pool  
  17  1:15  Drone  
  17  1:18  Drone  
  18  1:27  Drone  
  19  1:38  Drone  
  20  1:49  Overlord  
  20  1:59  Queen  
  20  2:00  Queen, Zergling x4  
  26  2:09  Drone  
  26  2:10  Drone  
  28  2:20  Drone  
  28  2:21  Drone  
  30  2:33  Metabolic Boost  
  30  2:34  Hatchery, Drone  
  30  2:37  Drone  
  32  2:44  Drone, Overlord  
  32  2:52  Queen  
  32  2:53  Drone  
  32  2:55  Drone  
  36  3:04  Drone x2  
  38  3:07  Drone  
  38  3:08  Drone x2  
  41  3:13  Overlord  
  41  3:16  Queen  
  41  3:18  Drone  
  44  3:31  Queen  
  44  3:32  Overlord  
  46  3:35  Drone  
  46  3:36  Drone  
  46  3:39  Drone  
  49  3:42  Zergling x4  
  49  3:46  Overlord  
  49  3:47  Queen  
  49  3:48  Drone  
  54  3:50  Drone  
  54  3:56  Queen  
  54  3:57  Drone x2  
  54  4:01  Overlord  
  58  4:03  Drone x2  
  58  4:05  Drone  
  58  4:07  Drone  
  62  4:13  Drone x2  
  62  4:14  Queen  
  66  4:17  Drone  
  66  4:19  Overlord  
  66  4:21  Drone x2  
  69  4:27  Queen  
  71  4:32  Lair  
  71  4:33  Baneling Nest  
  71  4:35  Drone x2  
  72  4:39  Drone x4  
  72  4:42  Drone x2  
  78  4:46  Overlord  
  78  4:47  Drone x2  
  78  4:50  Extractor  
  78  4:51  Extractor  
  78  4:53  Evolution Chamber  
  78  4:55  Drone  
  78  4:56  Drone x2  
  80  5:00  Evolution Chamber  
  80  5:03  Drone  
  80  5:06  Drone  
  81  5:07  Drone  
  81  5:08  Overlord  
  82  5:15  Zergling x12  
  82  5:16  Hatchery  
  82  5:19  Overlord  
  82  5:21  Zerg Ground Armor Level 1  
  87  5:26  Overlord  
  87  5:27  Zergling x8  
  91  5:34  Overlord  
  91  5:35  Baneling x5  
  91  5:37  Zergling x6  
  91  5:38  Drone  
  91  5:40  Drone  
  96  5:43  Queen  
  96  5:44  Zerg Melee Weapons Level 1  
  96  5:45  Zergling x6  
  96  5:48  Overlord  
  101  5:50  Baneling x2  
  101  5:55  Zergling x6  
  95  5:58  Drone x3  
  95  5:59  Drone  
  95  6:02  Drone  
  98  6:07  Drone  
  98  6:08  Drone  
  98  6:11  Centrifical Hooks  
  100  6:13  Drone  
  100  6:14  Hatchery  
  100  6:15  Drone x2  
  99  6:20  Drone x3  
  99  6:21  Baneling x4  
  102  6:26  Extractor  
  102  6:27  Zergling x4  
  102  6:28  Extractor  
  102  6:31  Drone x2  
  104  6:34  Spore Crawler x2  
  104  6:35  Spore Crawler  
  104  6:39  Zergling x10, Spore Crawler  
  105  6:40  Baneling x2  
  105  6:41  Baneling x3  
  105  6:42  Overlord  
  105  6:44  Drone  
  104  6:48  Drone x4  
  104  6:51  Queen  
  104  6:52  Zergling x2  
  111  6:55  Drone x2  
  111  6:56  Drone, Baneling  
  111  6:57  Baneling  
  111  6:58  Drone  
  111  7:01  Zergling x4  
  117  7:06  Zergling x10  
  117  7:08  Drone  
  123  7:12  Zergling x10  
  128  7:16  Drone  
  128  7:17  Spore Crawler  
  128  7:21  Overlord  
  127  7:23  Baneling  
  127  7:24  Baneling x3, Pneumatized Carapace, Overseer  
  126  7:30  Zergling x14  
  126  7:34  Drone  
  126  7:35  Drone  
  133  7:39  Zergling x6  
  133  7:40  Drone x2  
  133  7:41  Overlord  
  135  7:51  Zergling x10  
  134  7:54  Drone x2  
  134  7:57  Zerg Ground Armor Level 2, Zerg Melee Weapons Level 2  
  134  7:58  Infestation Pit  
  135  8:01  Zergling x16  
  143  8:08  Baneling  
  143  8:09  Baneling x3  
  143  8:13  Zergling x10  
  143  8:17  Hatchery  
  143  8:19  Baneling x5  
  147  8:20  Overlord  
  147  8:21  Zergling x8  
  149  8:31  Zergling x22  
  154  8:35  Overlord  
  154  8:37  Zergling x8  
  154  8:41  Zergling x2  
  157  8:42  Zergling x2  
  157  8:46  Zergling x4  
  157  8:47  Zergling x8  
  158  8:51  Overlord  
  150  8:58  Zergling x2  
  150  8:59  Zergling x8  
  150  9:00  Hive  
  150  9:01  Hydralisk Den  
  143  9:03  Baneling x7  
  143  9:04  Baneling x3  
  144  9:10  Zergling x10  
  144  9:11  Extractor  
  144  9:13  Hatchery  
  144  9:15  Baneling  
  144  9:16  Baneling x6  
  146  9:17  Zergling x2  
  146  9:18  Zergling x8  
  146  9:20  Overlord  
  146  9:21  Zergling x2  
  150  9:29  Baneling x6  
  147  9:33  Lurker Den  
  147  9:35  Zergling x14  
  147  9:36  Zergling x2  
  154  9:42  Baneling x9, Hydralisk x3  
  154  9:43  Zergling x8  
  154  9:44  Zergling x2  
  165  9:52  Hydralisk, Zergling x6  
  164  9:53  Zergling x2  
  164  9:55  Extractor, Hydralisk  
  164  9:56  Extractor  
  164  9:59  Zergling x6  
  150  10:03  Drone x4  
  150  10:07  Hydralisk, Zergling x6  
  152  10:08  Zergling x6  
  152  10:13  Drone x4  
  161  10:22  Overlord  
  160  10:30  Seismic Spines  
  160  10:31  Zergling x2  
  160  10:32  Zergling x16  
  160  10:33  Lurker x4  
  173  10:39  Overlord  
  173  10:41  Zergling x12, Lurker x2  
  173  10:42  Zergling x10  
  182  10:46  Overlord  
  181  10:57  Hydralisk x3, Zergling x2  
  176  10:58  Zergling x12  
  176  10:59  Drone x4  
  186  11:10  Zergling x14  
  195  11:13  Drone x4  
Show
View Real Time Build Order
Export as new Build Order

LiquidClem Terran 

Build Orders: Reaper Expand 

Get SALT Encoding   

  12  0:00  SCV  
  13  0:12  SCV  
  14  0:17  Supply Depot  
  14  0:24  SCV  
  15  0:38  SCV  
  15  0:39  Barracks  
  16  0:43  Refinery  
  16  0:50  SCV  
  17  1:03  SCV  
  18  1:15  SCV  
  19  1:26  Reaper  
  19  1:27  Orbital Command  
  20  1:38  Command Center  
  20  1:46  Supply Depot  
  20  1:52  SCV  
  21  1:58  Marine  
  22  2:04  SCV  
  23  2:11  Factory  
  23  2:16  SCV  
  23  2:20  Barracks Reactor  
  24  2:28  SCV  
  24  2:37  Command Center  
  24  2:40  SCV  
  25  2:49  Orbital Command  
  25  2:53  SCV  
  25  2:57  Barracks  
  26  3:05  SCV, Hellion  
  29  3:10  Hellion  
  29  3:12  Barracks Tech Lab  
  31  3:15  SCV  
  31  3:17  SCV  
  33  3:22  Refinery  
  33  3:27  SCV  
  33  3:28  Hellion  
  33  3:31  Hellion, Marine  
  40  3:34  SCV  
  40  3:36  Stimpack  
  40  3:39  SCV  
  41  3:46  SCV  
  42  3:51  SCV, Marine  
  42  3:55  Starport, Orbital Command  
  44  3:58  SCV  
  44  3:59  Marine x2  
  47  4:03  Factory Reactor  
  47  4:05  SCV  
  47  4:09  Marine  
  49  4:10  Supply Depot  
  49  4:12  SCV  
  50  4:17  SCV, Marine  
  50  4:18  Marine  
  50  4:21  SCV  
  54  4:24  SCV  
  54  4:27  Marine  
  54  4:29  SCV  
  57  4:33  SCV  
  57  4:35  Marine, Supply Depot  
  57  4:36  SCV, Marine  
  61  4:41  SCV  
  61  4:42  Medivac x2  
  61  4:45  Marine  
  67  4:47  Hellion  
  67  4:50  Armory  
  67  4:51  Refinery, Orbital Command  
  69  4:55  Barracks  
  69  4:56  Marine  
  69  4:57  SCV x2  
  69  4:58  Supply Depot  
  72  5:00  Refinery, Marine  
  72  5:04  Marine  
  74  5:09  SCV x2  
  74  5:12  Supply Depot  
  76  5:14  Marine  
  76  5:16  Combat Shield  
  76  5:20  Hellion, Marine  
  76  5:21  SCV x2  
  82  5:23  Marine  
  83  5:29  SCV  
  83  5:31  Supply Depot  
  83  5:33  SCV  
  83  5:34  SCV, Engineering Bay  
  83  5:35  Supply Depot  
  86  5:37  Engineering Bay  
  86  5:38  Marine  
  86  5:41  Marine  
  86  5:42  Marine  
  88  5:43  Factory Reactor  
  88  5:46  Marine  
  88  5:48  SCV  
  86  5:52  SCV  
  86  5:56  Marine  
  78  5:59  Marine  
  78  6:00  SCV  
  78  6:02  Barracks Reactor, SCV  
  78  6:04  Barracks  
  76  6:05  Barracks  
  76  6:06  Marine  
  76  6:07  SCV  
  76  6:09  Terran Infantry Weapons Level 1  
  78  6:14  Terran Infantry Armor Level 1  
  78  6:15  SCV  
  78  6:16  Marine  
  78  6:18  Marine  
  81  6:20  SCV x2  
  81  6:25  Supply Depot  
  83  6:26  Marine  
  83  6:27  Widow Mine  
  83  6:28  Widow Mine  
  83  6:30  SCV  
  83  6:32  SCV  
  90  6:35  SCV  
  90  6:38  Medivac  
  93  6:41  Marine x2  
  93  6:43  Medivac  
  93  6:46  Marine  
  92  6:48  SCV x2  
  92  6:49  SCV  
  95  6:54  Marine, Supply Depot  
  95  6:55  Barracks Reactor  
  95  6:56  Barracks Reactor  
  101  7:01  Widow Mine x2, SCV  
  101  7:04  SCV, Supply Depot  
  101  7:06  SCV  
  104  7:08  Marine  
  104  7:10  Marine  
  104  7:14  SCV  
  104  7:15  Supply Depot  
  107  7:16  Medivac  
  107  7:17  SCV, Medivac  
  107  7:20  SCV, Marine  
  111  7:26  SCV  
  111  7:27  Supply Depot  
  111  7:28  Widow Mine  
  111  7:29  SCV  
  115  7:31  Marine  
  115  7:32  Marine  
  115  7:33  SCV  
  115  7:35  Marine  
  115  7:38  Widow Mine, SCV  
  115  7:41  SCV, Marine  
  113  7:45  SCV, Marine x2  
  113  7:46  Medivac  
  113  7:50  SCV  
  114  7:53  Widow Mine, Marine, Medivac  
  114  7:54  Marine x3  
  114  7:56  SCV  
  114  7:57  Marine  
  114  7:58  SCV  
  121  8:03  Factory, Marine x2  
  123  8:06  SCV  
  123  8:08  SCV  
  123  8:09  Marine  
  123  8:10  Marine  
  123  8:11  Widow Mine  
  129  8:13  Marine  
  129  8:17  Widow Mine  
  129  8:19  Terran Infantry Weapons Level 2  
  132  8:20  Supply Depot  
  132  8:22  Supply Depot  
  132  8:23  Terran Infantry Armor Level 2  
  132  8:27  Marine  
  132  8:31  Marine  
  132  8:32  Widow Mine  
  126  8:36  Medivac  
  126  8:37  SCV, Marine  
  126  8:38  Widow Mine, Marine, Supply Depot  
  133  8:41  SCV  
  133  8:45  SCV  
  133  8:46  Marine  
  126  8:49  SCV  
  126  8:50  Factory Tech Lab  
  126  8:53  Widow Mine, SCV  
  124  8:57  SCV  
  124  8:59  Widow Mine  
  124  9:01  SCV  
  120  9:05  SCV, Marine  
  120  9:07  Marine x4  
  126  9:11  Drilling Claws  
  126  9:12  Widow Mine  
  126  9:15  Widow Mine, Marine  
  126  9:16  Marine  
  132  9:18  Marine  
  132  9:21  Widow Mine  
  130  9:27  Supply Depot  
  126  9:33  Supply Depot  
  126  9:37  Widow Mine, Supply Depot  
  126  9:38  Supply Depot  
  128  9:40  Widow Mine  
  128  9:42  Widow Mine  
  128  9:44  Orbital Command  
  132  9:52  SCV  
  103  9:53  SCV  
  103  9:57  Marine  
  103  9:58  Widow Mine  
  96  10:01  Widow Mine, Marine  
  96  10:03  Marine  
  96  10:04  Widow Mine, SCV  
  96  10:05  SCV  
  100  10:10  SCV  
  93  10:16  Marine  
  93  10:17  SCV x2, Marine  
  93  10:21  Marine x2  
  97  10:22  SCV  
  100  10:29  SCV x2  
  100  10:30  Marine  
  100  10:34  Widow Mine, SCV  
  108  10:35  Widow Mine  
  108  10:37  Marine  
  108  10:41  SCV x2  
  108  10:42  Factory Tech Lab  
  111  10:44  Bunker  
  111  10:52  Marine  
  111  10:53  Marine  
  111  10:55  Widow Mine, SCV x2, Marine  
  111  10:56  Marine  
  115  10:59  SCV  
  115  11:02  Widow Mine  
  114  11:06  Marine  
  114  11:07  SCV x2  
  119  11:11  SCV  
Tags
 
Add a new tag
Caveats
  • Supply blocks, unpowered buildings, or Contaminate may cause inaccurate times.
  • Supply counts are checked every 10 seconds.